 Dungeon Crawl Stone Soup version 0.20.0-15-g7f486f2 (webtiles) character file.

374 KleinerIrrer the Charlatan (level 6, 0/46 HPs)
             Began as a Demonspawn Artificer on June 27, 2017.
             Succumbed to a worker ant's poison
             ... on level 4 of the Dungeon.
             The game lasted 00:11:32 (3693 turns).

KleinerIrrer the Charlatan (Demonspawn Artificer)   Turns: 3693, Time: 00:11:33

Health: 0/46       AC:  4    Str: 12    XL:     6   Next: 43%
Magic:  9/9        EV: 13    Int: 12    God:
Gold:   118        SH:  0    Dex: 20    Spells: 5/5 levels left

rFire    . . .     SeeInvis .   k - -2 long sword (curse)
rCold    . . .     Gourm    .   (no shield)
rNeg     . . .     Faith    .   b - +1 leather armour
rPois    .         Spirit   .   (helmet restricted)
rElec    .         Reflect  .   (no cloak)
rCorr    .         Harm     .   (no gloves)
MR       .....                  (no boots)
Stlth    +++.......             (no amulet)
Regen    0.2/turn               q - ring of stealth
MPRegen  0.2/turn               p - +4 ring of dexterity

@: lethally poisoned (0 -> -2)
A: antennae 1, powered by pain 2, spiny 1
a: no special abilities


You were on level 4 of the Dungeon.
You were not hungry.

You visited 1 branch of the dungeon, and saw 4 of its levels.

You collected 118 gold pieces.

Inventory:

Hand Weapons
 a - a +1 short sword
 k - a cursed -2 long sword (weapon)
Armour
 b - a +1 leather armour (worn)
 n - a +0 chain mail
Jewellery
 l - a -3 ring of dexterity
 p - a +4 ring of dexterity (right hand)
 q - a ring of stealth (left hand)
Wands
 c - a wand of flame (3/48)
 d - a wand of enslavement (12/24)
 e - a wand of random effects (11/48)
Scrolls
 h - a scroll of enchant armour
 j - 2 scrolls of identify
 o - a scroll of enchant weapon
Potions
 s - a potion of might
Books
 r - a book of Callings

   Spells                             Type                      Level
   a - Summon Small Mammal            Summoning                    1
   b - Call Imp                       Summoning                    2
   c - Call Canine Familiar           Summoning                    3
   d - Summon Guardian Golem          Hexes/Summoning              3
   e - Summon Lightning Spire         Summoning/Air                4
   f - Summon Ice Beast               Ice/Summoning                4
Comestibles
 f - a bread ration
 g - 2 fruits
 m - a royal jelly


   Skills:
 + Level 2.7 Fighting
 - Level 0.8 Short Blades
 * Level 3.7 Armour
 + Level 3.1 Dodging
 - Level 0.8 Stealth
 + Level 4.2 Evocations


You had 5 spell levels left.
You didn't know any spells.

Dungeon Overview and Level Annotations

Branches:
Dungeon (4/15)
 Temple: D:4-7

Altars:

Annotations:
D:3 koelner's ghost, weakling DsVM


Innate Abilities, Weirdness & Mutations

You have a pair of small antennae on your head.
You sometimes gain power by taking damage.
You are partially covered in sharp spines.


Message History

Aiming: Random Effects
Press: ? - help, Shift-Dir - straight line, f - you That beam is likely to hit you.
Continue anyway?
The puff of frost hits you!
This wand has 11 charges left.
* * * LOW HITPOINT WARNING * * *
You feel sick.
The leopard gecko is struck by your spines.
The leopard gecko misses you.
You miss the leopard gecko.
The leopard gecko is heavily wounded.
* * * LOW HITPOINT WARNING * * *
You feel sick. The leopard gecko misses you.
You riposte.
You barely miss the leopard gecko.
The leopard gecko is heavily wounded.
The leopard gecko is struck by your spines.
You kill the leopard gecko!
A worker ant comes into view.
* * * LOW HITPOINT WARNING * * *
You feel sick.
You die...

................
....#..............
.#####............. . .#
###..#.##....####..
.#### ##.#.#...........
....# ##.............a..
....###......###........
..>.##.......####.......
.......#........@.#
....####......#####
............#.######
....####....#.†....#
##### #....#......#
#....#[.....#
######......# .......#
........#


You could see a worker ant (sleeping).

Vanquished Creatures
  A phantom (D:4)
  A necrophage (D:4)
  A scorpion (D:4)
  2 worker ants (D:4)
  4 adders
  An ooze (D:2)
  2 worms (D:2)
  2 dart slugs
  5 leopard geckos
  An orc (D:4)
  2 giant cockroaches (D:1)
  3 hobgoblins
  8 kobolds
  A quokka (D:2)
  5 bats
  3 frilled lizards (D:1)
  7 goblins
  6 rats
55 creatures vanquished.

Vanquished Creatures (collateral kills)
  A bat (D:2)
1 creature vanquished.

Vanquished Creatures (others)
  A goblin (D:3)
1 creature vanquished.

Grand Total: 57 creatures vanquished

Notes
Turn   | Place    | Note
-------+----------+-------------------------------------------
     0 | D:1      | KleinerIrrer the Demonspawn Artificer began the quest for the Orb.
     0 | D:1      | Reached XP level 1. HP: 15/15 MP: 3/3
   384 | D:1      | Gained mutation: You sometimes gain a little power by taking damage. [demonic ancestry]
   384 | D:1      | Reached XP level 2. HP: 7/21 MP: 4/4
  1572 | D:2      | Reached skill level 1 in Armour
  1572 | D:2      | Reached XP level 3. HP: 25/26 MP: 5/5
  2365 | D:2      | Gained mutation: You sometimes gain power by taking damage. [demonic ancestry]
  2365 | D:2      | Reached XP level 4. HP: 32/32 MP: 6/6
  2874 | D:3      | Noticed koelner's ghost (weakling DsVM)
  3174 | D:4      | Noticed a necrophage
  3186 | D:4      | Killed a necrophage
  3186 | D:4      | Gained mutation: You are partially covered in sharp spines. [demonic ancestry]
  3186 | D:4      | Reached XP level 5. HP: 34/37 MP: 7/7
  3195 | D:4      | Noticed a phantom
  3205 | D:4      | Reached skill level 4 in Evocations
  3220 | D:4      | Killed a phantom
  3220 | D:4      | Gained mutation: You have a pair of small antennae on your head. [demonic ancestry]
  3220 | D:4      | Reached XP level 6. HP: 20/46 MP: 9/9
  3687 | D:4      | HP: 2/46 [poisoned by a worker ant]
  3693 | D:4      | Succumbed to a worker ant's poison

Skill      XL: |  1  2  3  4  5 |
---------------+----------------+-----
Dodging        | 2 3 |  3.1
Armour         | 1 2 3 |  3.7
Fighting       | 2 |  2.7
Evocations     | 4 |  4.2
Short Blades   | |  0.8
Stealth        | |  0.8

Action                   |  1- 3 |  4- 6 || total
-------------------------+-------+-------++-------
Melee: Short sword       |   187 |    20 ||   207
       Long sword        |       |    69 ||    69
Evoke: Wand              |     7 |    12 ||    19
  Use: Scroll            |     5 |     3 ||     8
       Potion            |     1 |     1 ||     2
 Stab: Sleeping          |     1 |     1 ||     2
  Eat: Chunk             |     3 |     2 ||     5
       Bread ration      |     1 |       ||     1
Armor: Leather armour    |    48 |    28 ||    76
Dodge: Dodged            |   107 |    62 ||   169
       Rpst.: Long sword |       |    21 ||    21
